 Dungeon Crawl Stone Soup version 0.18-a0-1626-g65af6d3 (webtiles) character file.

12472 namelastname112 the Slicer (level 11, -1/139 (142) HPs)
             Began as a White Draconian Berserker on Mar 24, 2016.
             Was the Champion of Trog.
             Slain by a killer bee (10 damage)
             ... on level 12 of the Dungeon.
             The game lasted 00:12:38 (10067 turns).

namelastname112 the Slicer (DrBe)                  Turns: 10067, Time: 00:12:39

HP:   -1/139 (142)  AC: 10    Str: 27    XL:     11   Next: 62%
MP:   11/11         EV: 19    Int:  7    God:    Trog [******]
Gold: 622           SH:  6    Dex: 22    Spells: 0 memorised, 10 levels left

rFire  + + .     SeeInvis .     d - +7 quick blade of Waqitz {pierce, rF+ rN+}
rCold  + . .     Gourm    .     (armour unavailable)
rNeg   + . .     Faith    .     w - +0 buckler
rPois  +         Spirit   .     (helmet restricted)
rElec  .         Dismiss  .     j - +0 cloak
rCorr  .         Reflect  .     q - +1 pair of gloves {Dex+3}
SustAt .         Harm     .     (no boots)
MR     .....                    (no amulet)
Stlth  ..........               P - ring of protection from fire
                                f - +5 ring of dexterity

@: berserking, very quick, not resistant to hostile enchantments, extremely
unstealthy
A: breathe frost, unfitting armour, cold resistance 1, deterioration 1, mutation
resistance 1, sense surroundings 1, poison resistance, strong 1, cold-blooded,
MP-powered wands, AC +7
a: Breathe Frost, Berserk, Trog's Hand, Brothers in Arms, Burn Spellbooks,
Renounce Religion


You were on level 12 of the Dungeon.
You worshipped Trog.
Trog was exalted by your worship.
You were very hungry.

You visited 2 branches of the dungeon, and saw 13 of its levels.

You collected 622 gold pieces.

Inventory:

Hand Weapons
 d - the +7 quick blade of Waqitz (weapon) {pierce, rF+ rN+}
   (You acquired it on level 9 of the Dungeon)

   It inflicts extra damage upon your enemies.
   It protects you from fire.
   It protects you from negative energy.
 m - a +0 blowgun
Missiles
 c - a throwing net (quivered)
 p - 12 poisoned needles
Armour
 j - a +0 cloak (worn)
 q - a +1 pair of gloves of dexterity (worn)
 w - a +0 buckler (worn)
Jewellery
 f - a +5 ring of dexterity (left hand)
 P - a ring of protection from fire (right hand)
Wands
 g - a wand of slowing (33/48)
 n - a wand of enslavement (9/24)
 v - a wand of flame (19/48)
 C - a wand of digging (12/24)
 E - a wand of disintegration (19/24)
Scrolls
 k - 4 scrolls of teleportation
 r - a scroll of identify
 s - 2 scrolls of remove curse
 t - 2 scrolls of blinking
 y - a scroll of recharging
 G - a scroll of fog
 K - 4 scrolls of fear
Potions
 e - a potion of heal wounds
 h - a potion of cure mutation {unknown}
 l - 3 potions of curing
 o - 2 potions of brilliance {unknown}
 x - a potion of might
 z - a potion of berserk rage
 A - 2 potions of invisibility
 B - 2 potions of lignification
 D - a potion of magic
 F - a potion of agility {unknown}
 I - 2 potions of resistance
 O - a potion of flight
Books
 u - a book of Alchemy

   Spells                             Type                      Level
   a - Sublimation of Blood           Necromancy                   2
   b - Ignite Poison                  Fire/Transmutation/Poison    3
   c - Petrify                        Transmutation/Earth          4
   d - Alistair's Intoxication        Transmutation/Poison         5
   e - Irradiate                      Conjuration/Transmutation    5
   Trog disapproves of the use of such an item.
Comestibles
 a - 7 meat rations
 b - 7 bread rations
 i - 3 fruits
 M - 9 beef jerkies


   Skills:
 + Level 8.8 Fighting
 * Level 10.6 Short Blades
 + Level 2.8 Throwing
 + Level 7.4 Dodging
 * Level 10.2 Stealth
 - Level 4.3 Shields


You had 10 spell levels left.
You didn't know any spells.

Dungeon Overview and Level Annotations

Branches:
Dungeon (12/15)            Temple (0/1) D:6            Lair (0/8) D:11
    Orc (1/2) D:11

Altars:
Cheibriados
Elyvilon
Fedhas
Gozag
Kikubaaqudgha
Nemelex Xobeh
Pakellas
Qazlal
Ru
Zin

Shops:
D:3 *   D:9 :

Annotations:
D:4 exclusion: oklob plant
Orc:1 Maud


Innate Abilities, Weirdness & Mutations

You can breathe waves of freezing cold.
You can buffet flying creatures when you breathe cold.
Your icy white scales are hard (AC +7).
Your body does not fit into most forms of armour.
Your flesh is cold resistant.
You are cold-blooded and may be slowed by cold attacks.
Your body sometimes deteriorates upon taking damage.
You are somewhat resistant to further mutation.
You passively map a small area around you.
Your system is resistant to poisons.
Your muscles are strong. (Str +2)
You expend magic power (3 MP) to strengthen your wands.


Message History

The killer bee is moderately wounded.
You puncture the killer bee!
You kill the killer bee!
Trog accepts your kill.
You closely miss the killer bee. The killer bee stings you!
* * * LOW HITPOINT WARNING * * *
You barely miss the killer bee. You hit the killer bee.
Your tail-slap misses the killer bee.
The killer bee is moderately wounded.
The killer bee barely misses you.
You closely miss the killer bee.
Your tail-slap misses the killer bee.
The killer bee is moderately wounded.
The killer bee stings you!
* * * LOW HITPOINT WARNING * * *
You miss the killer bee.
Your tail-slap misses the killer bee.
The killer bee is moderately wounded.
You feel sick.
You are no longer poisoned.
The killer bee stings you!
You die...

#..%%....%* #####
#%%%!....%*****#....
#........%+,,,.#....
#%..%%....****......
#..%......* **#....
#.y%y.....* #....
#yy.y....%* #....
*#y###***** #####
#†@.## ###.†# #
####'#### #
#.......#*** ####
#.>.....+,.##**#...
#.......#*....##...
#.......#***#......
#.......# ####...
##'###### ###.#


You could see 4 killer bees.

Vanquished Creatures
  A hydra (D:12)
  4 hill giants
  Pikel (D:6)
  A cyclops (D:11)
  2 ugly things (D:11)
  2 manticores (D:11)
  A queen bee (D:12)
  Grinder (D:6)
  Prince Ribbit (D:6)
  Sigmund (D:6)
  2 wraiths
  2 hungry ghosts
  Menkaure (D:7)
  4 water moccasins
  5 orc warriors
  4 ice beasts
  A slave (D:6)
  2 sky beasts
  A necrophage (D:6)
  An eye of draining (D:9)
  3 phantoms
  7 ogres
  5 centaurs
  3 big kobolds (D:11)
  6 giant frogs
  A wyvern skeleton (D:12)
  2 scorpions
  25 killer bees
  3 howler monkeys
  2 crimson imps (D:9)
  A centaur zombie (D:9)
  A giant frog zombie (D:5)
  A quasit (D:5)
  5 hounds
  6 orc priests
  2 jellies
  8 orc wizards
  Terence (D:3)
  3 iguanas
  Natasha (thrice) (D:3)
  8 worker ants
  A killer bee zombie (D:11)
  A sheep (D:11)
  2 hound skeletons
  A howler monkey zombie (D:6)
  Robin (D:3)
  10 adders
  2 shadow imps
  2 oozes
  An adder zombie (D:8)
  3 worms
  2 dart slugs
  7 giant geckos
  37 orcs
  4 bats
  7 giant cockroaches
  14 goblins
  13 hobgoblins
  7 jackals
  5 quokkas
  A ball python (D:1)
  A giant gecko zombie (D:6)
  7 giant newts
  19 kobolds
  A quokka zombie (D:7)
  2 rats (D:1)
285 creatures vanquished.

Vanquished Creatures (others)
  A slave (D:6)
  A quokka zombie (D:6)
2 creatures vanquished.

Grand Total: 287 creatures vanquished

Notes
Turn   | Place    | Note
--------------------------------------------------------------
     0 | D:1      | namelastname112 the Draconian Berserker began the quest for the Orb.
     0 | D:1      | Reached XP level 1. HP: 19/19 MP: 1/1
    73 | D:1      | Reached skill level 1 in Stealth
    79 | D:1      | Reached XP level 2. HP: 15/26 MP: 2/2
   554 | D:1      | Reached XP level 3. HP: 15/31 MP: 3/3
   556 | D:1      | Reached ** piety under Trog
  1103 | D:2      | Found a faded altar to an unknown god.
  1178 | D:2      | Reached XP level 4. HP: 40/40 MP: 4/4
  1408 | D:3      | Noticed Natasha
  1410 | D:3      | Killed Natasha
  1507 | D:3      | Noticed Natasha
  1516 | D:3      | Killed Natasha
  1616 | D:3      | Noticed Terence
  1626 | D:3      | Killed Terence
  1626 | D:3      | Reached XP level 5. HP: 42/46 MP: 5/5
  1708 | D:3      | Reached *** piety under Trog
  1798 | D:3      | Found Zin's Purification Station.
  1799 | D:3      | Noticed Robin
  1814 | D:3      | Killed Robin
  1825 | D:3      | Found a glowing silver altar of Zin.
  2156 | D:3      | Noticed Natasha
  2167 | D:3      | Killed Natasha
  2185 | D:4      | Reached XP level 6. HP: 46/52 MP: 6/6
  2230 | D:4      | Found a snail-covered altar of Cheibriados.
  2767 | D:4      | Found a blossoming altar of Fedhas.
  2780 | D:4      | Noticed an oklob plant
  2848 | D:4      | Noticed a water moccasin
  2856 | D:4      | Killed a water moccasin
  2856 | D:4      | Reached **** piety under Trog
  2856 | D:4      | Reached skill level 5 in Short Blades
  2856 | D:4      | Your scales start taking on an icy white colour.
  2856 | D:4      | Reached XP level 7. HP: 60/60 MP: 7/7
  2856 | D:4      | Gained mutation: Your flesh is cold resistant. [White Draconian growth]
  3157 | D:5      | Entered Level 5 of the Dungeon
  3416 | D:5      | Reached skill level 5 in Fighting
  3586 | D:5      | Got a bloodstained war axe
  3587 | D:5      | Identified the +0 war axe of Bahen {freeze, SInv} (You found it on level 5 of the Dungeon)
  3908 | D:5      | Reached skill level 1 in Shields
  3958 | D:6      | Found an oddly glowing altar of Pakellas.
  3958 | D:6      | Noticed Sigmund
  3970 | D:6      | Noticed Prince Ribbit
  3970 | D:6      | Killed Sigmund
  3970 | D:6      | Reached skill level 5 in Stealth
  3970 | D:6      | Reached XP level 8. HP: 52/68 MP: 8/8
  4005 | D:6      | Killed Prince Ribbit
  4072 | D:6      | Noticed Pikel
  4081 | D:6      | Killed Pikel
  4081 | D:6      | Reached skill level 5 in Dodging
  4207 | D:6      | Found a staircase to the Ecumenical Temple.
  4269 | D:6      | Reached XP level 9. HP: 61/73 MP: 9/9
  4335 | D:6      | Noticed Grinder
  4339 | D:6      | Killed Grinder
  4587 | D:6      | Found a sparkling altar of Nemelex Xobeh.
  4750 | D:7      | Noticed Menkaure
  4756 | D:7      | Killed Menkaure
  5054 | D:7      | Reached ***** piety under Trog
  6234 | D:9      | Reached XP level 10. HP: 82/82 MP: 10/10
  6238 | D:9      | Found Heiclych's Book Shop.
  6798 | D:9      | Identified a scroll of acquirement
  6799 | D:9      | Got a transparent quick blade
  6800 | D:9      | Identified the +7 quick blade of Waqitz {pierce, rF+ rN+} (You acquired it on level 9 of the Dungeon)
  6804 | D:9      | Gained mutation: Your system is resistant to poisons. [potion of mutation]
  6804 | D:9      | Gained mutation: You are somewhat resistant to further mutation. [potion of mutation]
  6804 | D:9      | Gained mutation: Your body sometimes deteriorates upon taking damage. [potion of mutation]
  6805 | D:9      | Gained mutation: You passively map a small area around you. [potion of mutation]
  6918 | D:9      | Found a stormy altar of Qazlal.
  6920 | D:9      | Found a white marble altar of Elyvilon.
  6924 | D:9      | Found an ancient bone altar of Kikubaaqudgha.
  6925 | D:9      | Found an opulent altar of Gozag.
  6928 | D:9      | Found a sacrificial altar of Ru.
  7057 | D:10     | Entered Level 10 of the Dungeon
  7145 | D:10     | Noticed a hill giant
  7159 | D:10     | Killed a hill giant
  7159 | D:10     | Received a gift from Trog
  7329 | D:10     | Noticed a hill giant
  7333 | D:10     | Noticed a hill giant
  7365 | D:10     | Killed a hill giant
  7688 | D:10     | Killed a hill giant
  8270 | D:11     | Found a staircase to the Lair.
  8288 | D:11     | Noticed a red ugly thing
  8316 | D:11     | Killed a red ugly thing
  8316 | D:11     | Reached XP level 11. HP: 72/92 MP: 11/11
  8325 | D:11     | Gained mutation: Your muscles are strong. (Str +2) [mutagenic meat]
  8686 | D:11     | Reached skill level 10 in Short Blades
  8756 | D:11     | Noticed a red ugly thing
  8775 | D:11     | Killed a red ugly thing
  8775 | D:11     | Reached skill level 1 in Throwing
  8795 | D:11     | Gained mutation: You expend magic power (3 MP) to strengthen your wands. [mutagenic meat]
  9187 | D:11     | Found a staircase to the Orcish Mines.
  9422 | Orc:1    | Entered Level 1 of the Orcish Mines
  9422 | Orc:1    | Noticed Maud
  9836 | D:12     | Found a frozen archway.
  9879 | D:12     | Noticed a hill giant
  9888 | D:12     | Killed a hill giant
  9951 | D:12     | Noticed a four-headed hydra
  9961 | D:12     | Killed a four-headed hydra
  9961 | D:12     | Reached skill level 10 in Stealth
 10050 | D:12     | Reached ****** piety under Trog
 10067 | D:12     | Slain by a killer bee

Vault maps used:
D:1:      shiori_arrival_elements
D:2:      ecumenical_altar_2
D:3:      zin_purify, minmay_door_square, uniq_natasha, uniq_terence, uniq_robin
D:4:      cheibriados_altar_1, tgw_fedhas, first_bread,
          kennysheep_generic_room_9
D:5:      serial_glass, glass_columns_b, glass_columns_b
D:6:      nemelex_altar_shiori, minmay_temple_entry_overgrown, basic_altar,
          uniq_sigmund, uniq_prince_ribbit1, uniq_pikel, uniq_grinder
D:7:      uniq_menkaure
D:9:      minitemple, serial_shops, shop
D:10:     grunt_ogre_cave, minivault_5
D:11:     lair_0_dummy, david_orc_4, abandoned_shop, st_stairs_7
D:12:     portal_ice_cave_entry_pillars_02
Orc:1:    uniq_nergalle, uniq_maud

Skill      XL: |  1  2  3  4  5  6  7  8  9 10 11 |
---------------+----------------------------------+-----
Stealth        | 1 2 3 4 5 6 8 9 10 | 10.2
Dodging        | 3 4 5 6 7 |  7.4
Fighting       | 4 5 6 8 |  8.8
Short Blades   | 4 5 7 8 9 10 | 10.6
Shields        | 1 2 4 |  4.3
Throwing       | 2 |  2.8

Action                   |  1- 3 |  4- 6 |  7- 9 | 10-12 || total
-------------------------+-------+-------+-------+-------++-------
Melee: Short sword       |    82 |       |       |       ||    82
       Dagger            |    57 |   128 |   397 |   121 ||   703
       Quick blade       |       |       |       |   451 ||   451
Invok: Berserk           |     1 |     2 |     3 |     4 ||    10
       Trog's Hand       |       |       |     1 |       ||     1
 Abil: Breathe Frost     |       |       |     2 |     1 ||     3
  Use: Scroll            |       |       |       |    24 ||    24
       Potion            |       |       |       |     3 ||     3
 Stab: Sleeping          |     1 |     6 |    12 |     8 ||    27
       Distracted        |       |       |     1 |     1 ||     2
  Eat: Chunk             |     2 |     7 |    12 |    14 ||    35
       Bread ration      |       |       |     1 |       ||     1
       Meat ration       |       |       |     1 |       ||     1
       Royal jelly       |       |       |       |     1 ||     1
       Pizza             |       |       |       |     1 ||     1
       Fruit             |       |       |       |     1 ||     1
